Match 42281616
Unlisted

Match 42281616
End
Panzergrenadier Squad
Kradschützen Motorcycle Team
Panzergrenadier Squad
Construct Light Support Kompanie
2.5-tonne Medical Truck
Panzerjäger Squad
Fire Support Elements
Selects Battlefield Espionage Battlegroup
Selects Intel Disruption Beacon
Selects Transfer Depots
Assault Mechanized Group
Selects 250/3 Funkpanzerwagen
Flakvierling Half-track
Pak 38 Anti-tank Gun Team
NEP_wilson_NEP
Thien
Kitsuné
Dumais
0
0

Comments sign in to comment!

No comments posted yet!